AoeStats
← Vary002

MegaRandom

504309600Analyzed
3v3 RM · 28d ago on Sep 4, 2026· 49m 2s· 6 players
Game mode
Random Map
Map size
Normal (6 player)
Population
200
Speed
Normal
Resources
Standard
Victory
Conquest
Starting age
Dark Age
Ending age
Imperial Age
RankedLock teamsTeams togetherTeam positionsShared explorationLock speedFull tech treeHidden civsTurbo modeCheats
Victory
Defeat
🇨🇿 Persians · Czechia
1101
+13
🇨🇿 Wei · Czechia
1036
+16
🇨🇿 Ethiopians · Czechia
1003
+17
🇩🇪 Tatars · Germany
1056
-16
🇩🇪 Wu · Germany
1055
-16
🇩🇪 Goths · Germany
1002
-14
Sir_Darkdepp 1st
11:06 Feudal Age
11:15 Man-at-Arms
11:41 Arson
12:36 Scale Mail Armor
13:45 Forging
17:01 Double-Bit Axe
20:12 Loom
22:30 Castle Age
20:53 Fletching
23:14 Squires
23:32 Chain Mail Armor
23:58 Iron Casting
23:33 Horse Collar
24:22 Bow Saw
25:09 Loom
27:24 Elite Skirmisher
29:58 Gold Mining
31:50 Ballistics
38:06 Imperial Age
37:01 Wheelbarrow
36:11 Town Watch
36:46 Red Cliffs Tactics
37:02 Pikeman
37:42 Bodkin Arrow
37:47 Padded Archer Armor
38:53 Masonry
39:24 Conscription
40:51 Two-Man Saw
40:07 Bracer
42:06 Gold Shaft Mining
42:07 Murder Holes
42:42 Architecture
43:13 Chemistry
42:49 Architecture
45:29 Elite Fire Archer
47:48 Halberdier
Lonely Guy
6:07 Loom
9:49 Feudal Age
10:37 Double-Bit Axe
18:03 Castle Age
16:28 Horse Collar
16:40 Gold Mining
22:54 Bow Saw
23:23 Gold Shaft Mining
22:54 Heavy Plow
23:46 Scale Barding Armor
23:32 Fletching
26:07 Pikeman
32:13 Imperial Age
31:03 Wheelbarrow
32:25 Chain Barding Armor
32:15 Forging
32:02 Bodkin Arrow
32:16 Scale Mail Armor
33:45 Timurid Siegecraft
33:56 Conscription
32:58 Elite Keshik
33:17 Halberdier
36:00 Crop Rotation
35:09 Elite Skirmisher
37:08 Plate Barding Armor
37:09 Iron Casting
36:42 Caravan
39:01 Chemistry
38:22 Ballistics
40:14 Town Watch
43:55 Hand Cart
47:27 Heated Shot
Baká
8:23 Loom
11:10 Feudal Age
11:36 Double-Bit Axe
11:32 Horse Collar
15:37 Gold Mining
16:04 Forging
19:56 Castle Age
17:49 Stone Mining
18:25 Scale Barding Armor
18:23 Scale Mail Armor
20:48 Bow Saw
20:39 Heavy Plow
21:16 Stone Shaft Mining
24:15 Wheelbarrow
25:01 Anarchy
25:58 Town Watch
27:30 Hand Cart
29:38 Squires
30:52 Chain Mail Armor
31:12 Iron Casting
40:43 Imperial Age
38:33 Pikeman
41:50 Fletching
43:55 Blast Furnace
42:51 Halberdier
43:34 Bodkin Arrow
45:02 Two-Man Saw
44:35 Crop Rotation
Dortolini
8:52 Loom
10:51 Feudal Age
14:54 Double-Bit Axe
17:30 Horse Collar
20:23 Gold Mining
26:40 Castle Age
24:45 Stone Mining
26:59 Crossbowman
27:45 Thumb Ring
28:02 Fletching
29:22 Padded Archer Armor
31:51 Bow Saw
33:50 Gold Shaft Mining
35:04 Forging
35:28 Scale Mail Armor
37:30 Heavy Plow
39:10 Royal Heirs
41:09 Bodkin Arrow
43:25 Ballistics
44:48 Wheelbarrow
44:54 Wheelbarrow
44:47 Leather Archer Armor
Vary002
10:51 Loom
12:49 Feudal Age
14:05 Double-Bit Axe
14:06 Horse Collar
14:20 Gold Mining
18:36 Castle Age
17:41 Stone Mining
20:05 Gold Shaft Mining
19:43 Bow Saw
20:07 Heavy Plow
20:18 Fletching
22:48 Stone Shaft Mining
22:57 Thumb Ring
24:02 Bodkin Arrow
24:09 Padded Archer Armor
27:51 Ballistics
32:42 Tuntian
32:45 Husbandry
32:59 Bloodlines
33:03 Forging
32:59 Scale Barding Armor
32:59 Murder Holes
32:59 Treadmill Crane
33:14 Murder Holes
34:09 Wheelbarrow
35:12 Hand Cart
36:23 Iron Casting
37:57 Chain Barding Armor
42:36 Imperial Age
42:37 Heavy Hei Guang Cavalry
44:28 Blast Furnace
44:14 Conscription
44:47 Ming Guang Armor
45:37 Town Watch
Dalwen
5:00 Loom
10:44 Feudal Age
11:09 Horse Collar
11:15 Double-Bit Axe
18:28 Castle Age
19:50 Wheelbarrow
19:46 Bow Saw
19:39 Heavy Plow
21:27 Hand Cart
23:11 Stone Mining
23:57 Gold Mining
25:34 Gold Shaft Mining
25:36 Stone Shaft Mining
26:44 Town Watch
28:15 Bloodlines
28:16 Forging
28:11 Scale Barding Armor
28:29 Town Patrol
29:44 Husbandry
33:07 Imperial Age
31:28 Kamandaran
31:36 Thumb Ring
30:52 Crossbowman
32:34 Iron Casting
34:43 Two-Man Saw
34:14 Crop Rotation
33:17 Cavalier
34:11 Masonry
34:23 Ballistics
35:04 Chemistry
35:42 Architecture
35:07 Savar
35:46 Light Cavalry
37:01 Conscription
38:02 Hoardings
38:51 Blast Furnace
38:12 Chain Barding Armor
37:49 Fletching
40:24 Hussar
43:18 Plate Barding Armor
42:38 Bodkin Arrow
Connection lost

Rejoining the realm…

Still unreachable

The connection could not be restored.

Session expired

The server has moved on; the page needs a fresh start.